 Dungeon Crawl Stone Soup version 0.13-a0-2350-g4422b0a (webtiles) character file.

163 ManOfSteam the Ruffian (level 4, 0/28 HPs)
             Began as a Gargoyle Monk on July 11, 2013.
             Was a Believer of Nemelex Xobeh.
             Succumbed to KuKumber's ghost's poison
             ... on Level 3 of the Dungeon.
             The game lasted 00:20:26 (2880 turns).

ManOfSteam the Ruffian (Gargoyle Monk)              Turns: 2880, Time: 00:20:27

HP   0/28        AC  8     Str 20      XL: 4   Next: 81%
MP   3/3         EV 13     Int 11      God: Nemelex Xobeh [**....]
Gold 58          SH  0     Dex 12      Spells:  0 memorised,  3 levels left

Res.Fire  : . . .   See Invis. : .   y - plain deck of defence {drawn: 7}
Res.Cold  : . . .   Warding    : .   a - +0 robe
Life Prot.: + . .   Conserve   : .   (no shield)
Res.Poison: .       Res.Corr.  : .   (no helmet)
Res.Elec. : +       Clarity    : .   (no cloak)
Sust.Abil.: . .     Spirit.Shd : .   (no gloves)
Res.Mut.  : .       Stasis     : .   (no boots)
Res.Rott. : +       Flight     : .   (no amulet)
Saprovore : . . .                    (no ring)
                                     (no ring)

@: exhausted, mighty, mildly poisoned, very slightly contaminated, hasted and
slowed, slightly resistant to hostile enchantments, fairly stealthy
A: fangs 1, talons 2, life protection 1, electricity resistance, slow metabolism
1, unbreathing, petrification resistance, AC +6
a: Draw One, Peek at Two, Renounce Religion


You were on level 3 of the Dungeon.
You worshipped Nemelex Xobeh.
Nemelex Xobeh was most pleased with you.
You were not hungry.

You visited 1 branch of the dungeon, and saw 3 of its levels.

You collected 58 gold pieces.

Inventory:

Missiles
 q - 3 darts (quivered)
 t - a silver dart
Armour
 a - a +0 robe (worn)
Magical devices
 o - a wand of fireball (0)
Comestibles
 b - a bread ration
 f - a choko
 g - a meat ration
 r - a banana
 w - 2 apples
 z - a snozzcumber
Scrolls
 c - 2 scrolls of teleportation {unknown}
 d - 3 scrolls of identify {unknown}
 i - a scroll of noise {unknown}
 n - 3 scrolls of curse weapon {unknown}
 p - 3 scrolls of magic mapping {unknown}
 s - a scroll of remove curse {unknown}
Jewellery
 x - an uncursed amulet of faith {unknown}
Potions
 e - 2 potions of curing {unknown}
 h - a potion of speed {unknown}
 j - a potion of heal wounds
 k - a potion of might {unknown}
 m - a potion of slowing
 u - a potion of poison {unknown}
 v - a potion of agility {unknown}
Miscellaneous
 y - a plain deck of defence {drawn: 7} (in hand)


   Skills:
 + Level 4.1 Fighting
 + Level 2.9 Dodging
 + Level 3.4 Stealth
 + Level 5.0 Unarmed Combat


You had 3 spell levels left.
You didn't know any spells.

Dungeon Overview and Level Annotations

Branches:
Dungeon (3/27)

Altars:
Nemelex Xobeh

Annotations
D:3 KuKumber's ghost, experienced LOCK


Innate Abilities, Weirdness & Mutations

You are resistant to torment.
Your stone body is very resilient (AC +6).
You have very sharp teeth.
You have razor-sharp toenails.
You resist negative energy.
You are resistant to electric shocks.
You have a slow metabolism.
You can survive without breathing.
You are immune to petrification.


Message History

You are too berserk!
You are too berserk!
You are too berserk!
A dart shoots out and hits you!
* * * LOW HITPOINT WARNING * * *
There is a dart trap here.
You feel a strong urge to attack something.
KuKumber's ghost flies safely over a trap.
KuKumber's ghost hits you but does no damage.
You are poisoned.
You are no longer berserk.
You are exhausted.
You feel as though you will be slow longer.
Your extra speed is starting to run out.
* * * LOW HITPOINT WARNING * * *
You feel sick.
* * * LOW HITPOINT WARNING * * *
You feel sick.
You die...
Your body glows slightly and disappears.

########### #.........# #####
#.........#
###^..###############.........#
#>.....^....p.@.....'.........'
#.#...###...#######.#.........#
#.#...# #...# #.#.........+
#.#.....##### #.#.........#
#.#!....# #.#########.#
#.#.....# #.# #.# #.#.....# #.#
... #.#....(# ... .>. #.#.....#
... ....


You could see KuKumber's ghost.

Vanquished Creatures
  3 adders (D:2)
  A worm (D:2)
  2 giant geckos (D:2)
  3 orcs (D:3)
  A bat zombie (D:3)
  4 giant cockroaches
  8 hobgoblins
  A jackal (D:2)
  10 kobolds
  2 quokkas (D:2)
  A ball python (D:2)
  9 bats
  3 giant newts
  12 goblins
  6 rats
66 creatures vanquished.

Vanquished Creatures (others)
  An orc (D:3)
  A giant newt (D:1)
2 creatures vanquished.

Grand Total: 68 creatures vanquished

Notes
Turn   | Place    | Note
--------------------------------------------------------------
     0 | D:1      | ManOfSteam, the Gargoyle Monk, began the quest for the Orb.
     0 | D:1      | Reached XP level 1. HP: 12/12 MP: 0/0
   253 | D:1      | Reached XP level 2. HP: 17/17 MP: 1/1
  1023 | D:2      | Reached XP level 3. HP: 19/22 MP: 2/2
  1437 | D:2      | Reached XP level 4. HP: 16/28 MP: 3/3
  2095 | D:2      | Reached skill level 5 in Unarmed Combat
  2183 | D:2      | Found a sparkling altar of Nemelex Xobeh.
  2189 | D:2      | Became a worshipper of Nemelex Xobeh
  2189 | D:2      | Received a gift from Nemelex Xobeh
  2189 | D:2      | Acquired Nemelex Xobeh's first power
  2478 | D:3      | Acquired Nemelex Xobeh's second power
  2832 | D:3      | Noticed KuKumber's ghost (experienced LOCK)
  2878 | D:3      | HP: 1/28 [poisoned by KuKumber's ghost]
  2880 | D:3      | Succumbed to KuKumber's ghost's poison

Action                   |  1- 3 |  4- 6 || total
-------------------------+-------+-------++-------
Melee: Unarmed           |   112 |    65 ||   177
Throw: Dart              |       |     1 ||     1
Evoke: Wand              |     1 |     2 ||     3
       Deck              |       |    12 ||    12
  Use: Scroll            |     2 |       ||     2
       Potion            |       |     2 ||     2
 Stab: Invisible         |       |     5 ||     5
       Sleeping          |       |     2 ||     2
       Distracted        |       |     1 ||     1
